 Dungeon Crawl Stone Soup version 0.31.0-11-ge490571c62 (webtiles) character file.

Game seed: 1110343456769877871

1946 puppykicker the Cruncher (level 8, -1/37 HPs)
             Began as a Spriggan Gladiator on Feb 6, 2024.
             Was a Believer of Wu Jian.
             Splashed by a jelly's acid (3 damage)
             ... on level 6 of the Dungeon.
             The game lasted 00:22:06 (5963 turns).

puppykicker the Cruncher (Spriggan Gladiator)       Turns: 5963, Time: 00:22:07

Health: -1/37      AC:  1    Str: 12    XL:     8   Next: 98%
Magic:  11/11      EV: 19    Int: 16    God:    Wu Jian [**....]
Gold:   76         SH:  0    Dex: 22    Spells: 8/10 levels left

rFire   . . .        a - +0 quarterstaff
rCold   . . .        (shield currently unavailable)
rNeg    . . .        J - +0 robe
rPois   .            c - +0 hat
rElec   .            n - +2 cloak
rCorr   .            (gloves unavailable)
SInv    +            (boots unavailable)
Will    +....        (no amulet)
Stlth   ++           r - +6 ring of dexterity
HPRegen 0.26/turn    G - +6 ring of intelligence
MPRegen 0.12/turn

%: no passive effects
@: corroded, studying Staves, very quick
A: very small, no large weapons, unfitting armour, see invisible, speed 3
a: Renounce Religion, Wall Jump


You were on level 6 of the Dungeon.
You worshipped Wu Jian.
Wu Jian was pleased with you.
You visited 1 branch of the dungeon, and saw 6 of its levels.

You collected 252 gold pieces.
You spent 176 gold pieces at shops.

Inventory:

Hand Weapons
 a - a +0 quarterstaff (weapon)
 b - a +0 arbalest
 h - a +0 whip of electrocution
 v - a +2 dagger of venom
 w - a +0 shortbow
Missiles
 d - 2 throwing nets
 e - a boomerang (quivered)
 g - 70 stones
 p - 11 atropa-tipped darts
 u - 4 datura-tipped darts
 C - 4 poisoned darts
Armour
 c - a +0 hat (worn)
 n - a +2 cloak (worn)
 J - a +0 robe (worn)
Jewellery
 r - a +6 ring of dexterity (left hand)
 G - a +6 ring of intelligence (right hand)
 L - an amulet of faith {Faith, !P}
Talismans
 E - a beast talisman
Scrolls
 f - a scroll of fog {unknown}
 k - a scroll of torment {!r}
 l - a scroll of immolation {!r}
 m - a scroll of summoning
 t - a scroll of silence {unknown}
 y - 2 scrolls of amnesia
 B - a scroll of blinking {!r}
 F - a scroll of brand weapon {unknown}
 H - a scroll of poison {!r}
 I - 2 scrolls of enchant armour {unknown}
 K - a scroll of vulnerability {!r!r}
Potions
 o - a potion of cancellation {unknown}
 q - a potion of invisibility {unknown}
 s - a potion of brilliance {unknown}
 x - a potion of might {unknown}
 z - a potion of mutation {unknown}
 A - a potion of resistance {unknown}
 D - a potion of curing


   Skills:
 - Level 1.5 Fighting
 * Level 9.6 Staves
 - Level 2.0 Throwing
 - Level 4.0 Dodging
 + Level 1.8 Spellcasting
 + Level 2.3 Translocations


You had 8 spell levels left.
You knew the following spells:

 Your Spells              Type           Power      Damage    Failure   Level
p - Blink                 Tloc           18%        N/A       12%         2

Your spell library contained the following spells:

 Spells                   Type           Power      Damage    Failure   Level
 Lesser Beckoning         Tloc           18%        N/A       12%         2
 Magic Dart               Conj           4%         1d3       22%         1
 Gell's Gravitas          Tloc           9%         N/A       24%         3
 Teleport Other           Tloc           9%         N/A       24%         3
 Call Imp                 Summ           2%         N/A       32%         2


Dungeon Overview and Level Annotations

Branches:
Dungeon (6/15)             Temple (0/1) D:5

Altars:
Fedhas
Makhleb
Vehumet
Wu Jian
Yredelemnul
Zin

Shops:
D:1 :

Annotations:
D:4 digging


Innate Abilities, Weirdness & Mutations

You are very small and have problems with some larger weapons.
You are too small for most types of armour.
You have supernaturally acute eyesight. (SInv)
You cover ground extremely quickly. (Speed+++)


Message History

You hit the orc wizard but do no damage.
The orc wizard is almost dead.
The orc wizard gestures at you while chanting.
The puff of flame hits you!
You take 8 damage, and have 22/37 hp.
MASSIVE DAMAGE!!
You hit the orc wizard.
You kill the orc wizard!
Aiming: Wall Jump
Press: ? - help, Dir - move target You attack the jelly from above.
You hit the jelly.
Your hands burn!
The jelly is lightly wounded.
The jelly hits you but does no damage.
You take 2 damage, and have 21/37 hp.
You sock the jelly! The acid corrodes you!
Your hands burn!
* * * LOW HITPOINT WARNING * * *
The jelly is heavily wounded.
The jelly misses you.
You take 3 damage, and have 18/37 hp.
You thump the jelly!
Your hands burn!
* * * LOW HITPOINT WARNING * * *
The jelly is almost dead.
You take 1 damage, and have 17/37 hp.
You barely miss the jelly.
The jelly is almost dead.
The jelly misses you.
You hit the jelly but do no damage.
Your hands burn!
* * * LOW HITPOINT WARNING * * *
The jelly is almost dead.
The jelly hits you.
* * * LOW HITPOINT WARNING * * *
You are splashed with acid!
* * * LOW HITPOINT WARNING * * *
You take 15 damage, and have 2/37 hp.
MASSIVE DAMAGE!!
Unknown command.
Okay, then.
Unknown command.
You hit the jelly but do no damage.
Your hands burn!
You die...

...# #..โ‰ˆโ‰ˆ.โ‰ˆ..# #..#
...# ###......### #..#..#
######^##....##. #..#..###
####....##''##.##.#..#....#
.o.#.#.#.#..##.##.#..##.#.#
##.#.#.#.#........#..#..#.##
#.#.#.#.#.#.........#.....#
##.#.#.#.#.#.#.####.###.#..#
...o.o...รท....>.@J..#...#..#
##.....#.###.#....#)#.#.#..#
.......#.# #.#....#...#.#..#
.#######.# #.#....#)###.#..#
. #.# #.#.#..#...#.#..# #.#
#.#.#....###.#..# #.#
#.#.#........#..# ..#
#.#.#[...........
#.#.)#.#####.#


You could see a jelly.

Levels and vault maps discovered:
D:1:      onia_arrival_pentagram, layout_basic, serial_shops,
          nicolae_shop_window_shopping, chequers_decorated_corner
D:2:      kennysheep_six_static_rooms, layout_basic, basic_altar,
          minmay_tetromino_s4
D:3:      layout_basic, fedhas_altar_fruit_tree, ebering_ecumenical_altar_hall,
          uniq_terence
D:4:      layout_loops_cross, zin_treasury, mainiacjoe_overflow_surrounded_room
D:5:      layout_gridville, lemuel_crystal_altar,
          yredelemnul_forgotten_temple_becter, minmay_temple_entry_wispy,
          minmay_misc_feat_encased
D:6:      layout_basic, minmay_misc_feat_tower, kennysheep_generic_room_3

Notes
Turn   | Place    | Note
-------+----------+-------------------------------------------
     0 | D:1      | puppykicker the Spriggan Gladiator began the quest for the
                  | Orb.
     0 | D:1      | Reached XP level 1. HP: 10/10 MP: 2/2
    25 | D:1      | Identified a +0 dagger
   119 | D:1      | Identified a +0 club
   132 | D:1      | Identified a +0 dagger
   149 | D:1      | Reached XP level 2. HP: 8/14 MP: 3/3
   156 | D:1      | Identified a +0 shortbow
   201 | D:1      | Identified a +0 whip
   204 | D:1      | Identified a +0 quarterstaff
   334 | D:1      | Identified a +0 short sword
   335 | D:1      | Identified a +0 dagger
   422 | D:1      | Identified a +0 whip
   431 | D:1      | Reached skill level 3 in Staves
   555 | D:1      | Identified a +1 mace of holy wrath
   593 | D:1      | Found Cuhying's Book Emporium.
   633 | D:1      | Identified a +0 scale mail
   662 | D:1      | Identified a +0 whip
   853 | D:2      | Reached XP level 3. HP: 18/18 MP: 4/4
   955 | D:2      | Identified a +0 ring mail
   966 | D:2      | Identified a +0 dagger
   966 | D:2      | Identified a +0 leather armour
  1080 | D:2      | Identified a +0 robe
  1221 | D:2      | Identified a +0 short sword
  1309 | D:2      | Identified a +2 dagger of venom
  1320 | D:2      | HP: 3/18 [jackal (3)]
  1321 | D:2      | HP: 1/18 [jackal (1)]
  1323 | D:2      | Identified a potion of heal wounds
  1333 | D:2      | Reached XP level 4. HP: 14/22 MP: 5/5
  1411 | D:2      | Identified a +0 arbalest
  1431 | D:2      | Identified a +6 ring of dexterity
  1529 | D:2      | Identified a +0 club
  1537 | D:2      | Found an ornate altar of the Wu Jian Council.
  1546 | D:2      | Identified a +0 cloak
  1569 | D:2      | Became a worshipper of the Wu Jian Council
  1682 | D:3      | Reached skill level 4 in Staves
  1697 | D:3      | Identified 2 scrolls of identify
  1697 | D:3      | Identified a scroll of summoning
  1698 | D:3      | Identified a scroll of torment
  1703 | D:3      | Identified a +0 dagger
  1773 | D:3      | Reached XP level 5. HP: 25/25 MP: 6/6
  1777 | D:3      | Found a faded altar of an unknown god.
  1797 | D:3      | Identified a +2 falchion of holy wrath
  1797 | D:3      | Identified a +0 chain mail
  1797 | D:3      | Noticed Terence
  1800 | D:3      | Killed Terence
  1939 | D:3      | Identified a +0 robe
  1946 | D:3      | Identified a scroll of noise
  1947 | D:3      | Identified a scroll of blinking
  1948 | D:3      | Identified a scroll of immolation
  1974 | D:3      | Identified the +2 morningstar of the Bashing Penguin
                  | {antimagic, *Slow rCorr SInv}
  2061 | D:3      | Identified a +0 whip
  2193 | D:3      | Found a blossoming altar of Fedhas.
  2358 | D:4      | Identified a +0 giant club
  2358 | D:4      | Noticed an ogre
  2382 | D:4      | Killed an ogre
  2383 | D:4      | Reached skill level 5 in Staves
  2383 | D:4      | Reached XP level 6. HP: 22/30 MP: 7/7
  2385 | D:4      | Reached * piety under Wu Jian
  2425 | D:4      | Identified a +0 hand axe
  2475 | D:4      | HP: 7/30 [poisoned by an adder]
  2677 | D:4      | Identified a +0 dagger
  2701 | D:4      | Identified a +0 giant spiked club
  2944 | D:4      | Identified a +6 ring of intelligence
  3020 | D:4      | Noticed a steam dragon
  3029 | D:4      | HP: 5/30 [steam dragon] (12)]
  3030 | D:4      | Identified 2 potions of curing
  3039 | D:4      | Identified a +0 quarterstaff
  3211 | D:4      | Reached skill level 6 in Staves
  3219 | D:4      | Identified a +0 sling
  3246 | D:4      | Reached XP level 7. HP: 33/33 MP: 8/8
  3274 | D:4      | Found a radiant altar of Vehumet.
  3367 | D:4      | Found a glowing silver altar of Zin.
  3746 | D:4      | Identified a potion of lignification
  3752 | D:4      | Killed a steam dragon
  3788 | D:4      | Identified a +0 hat
  3788 | D:4      | Identified a +0 robe
  3935 | D:5      | Entered Level 5 of the Dungeon
  3947 | D:5      | Identified a +0 orcbow
  3948 | D:5      | Identified a +0 giant club
  3963 | D:5      | Reached skill level 7 in Staves
  4061 | D:5      | Found a staircase to the Ecumenical Temple.
  4113 | D:5      | Identified a +2 cloak
  4127 | D:5      | Identified a +0 dagger
  4127 | D:5      | Identified a +0 robe
  4127 | D:5      | Identified a +0 hand axe
  4249 | D:5      | Identified a +0 sling
  4267 | D:5      | Identified a +0 dagger
  4268 | D:5      | Identified a +0 hand axe
  4268 | D:5      | Identified a +0 whip
  4268 | D:5      | Identified a +0 ring mail
  4271 | D:5      | Identified a +0 whip of electrocution
  4299 | D:5      | Identified a +0 dagger
  4299 | D:5      | Identified a +0 robe
  4364 | D:5      | Found a burning altar of Makhleb.
  4373 | D:5      | Reached XP level 8. HP: 37/37 MP: 9/9
  4409 | D:5      | Identified a scroll of poison
  4410 | D:5      | Identified a scroll of vulnerability
  4424 | D:5      | Identified an amulet of faith
  4483 | D:5      | Reached skill level 8 in Staves
  4548 | D:5      | Identified a +0 war axe
  4603 | D:5      | Identified a +0 dagger
  4603 | D:5      | Identified a +0 robe
  4639 | D:5      | Identified a +0 mace
  4662 | D:5      | Identified a +0 giant club
  4757 | D:5      | Identified a scroll of acquirement
  4758 | D:5      | Acquired a manual of Staves
  5139 | D:5      | Found a basalt altar of Yredelemnul.
  5151 | D:5      | Reached skill level 9 in Staves
  5152 | D:5      | Identified 3 scrolls of amnesia
  5217 | D:5      | Identified a +0 short sword
  5360 | D:1      | Bought a book of Minor Magic for 176 gold pieces
  5363 | D:1      | Learned a level 2 spell: Blink
  5407 | D:2      | Identified a +0 mace
  5478 | D:5      | Identified a +0 chain mail
  5588 | D:6      | Identified a +0 dagger
  5588 | D:6      | Identified a +2 robe of willpower
  5588 | D:6      | Identified a +0 flail
  5588 | D:6      | Identified a +0 scale mail
  5622 | D:6      | Identified a +0 flail
  5681 | D:6      | Identified a +0 giant club
  5703 | D:6      | Reached skill level 1 in Spellcasting
  5703 | D:6      | Reached skill level 1 in Translocations
  5755 | D:6      | Identified a +0 giant club
  5839 | D:6      | Reached skill level 2 in Translocations
  5939 | D:6      | Identified a +0 whip
  5939 | D:6      | Identified a +0 hand axe
  5940 | D:6      | Identified a +0 flail
  5940 | D:6      | Identified a +0 leather armour
  5942 | D:6      | Reached ** piety under Wu Jian
  5961 | D:6      | HP: 2/37 [acid (9)]
  5963 | D:6      | Splashed by a jelly's acid

Table legend: (Time is in decaauts)
 A = Elapsed time spent in this place.
 B = Non-inter-level travel time spent in this place.
 C = Inter-level travel time spent in this place.
 D = Time resting spent in this place.
 E = Time spent auto-exploring this place.
 F = Levels seen in this place.
 G = Mean time per level.
                   A        B        C        D        E       F      G
               +--------+--------+--------+--------+--------+-----+--------+
         Total |   4356 |   3991 |    365 |    856 |   1826 |   6 |  726.0 |
       Dungeon |   4356 |   3991 |    365 |    856 |   1826 |   6 |  726.0 |
               +--------+--------+--------+--------+--------+-----+--------+

Top non-repeatable levels by time:
     D:4: 1147 daAuts
     D:5: 1030 daAuts
     D:2: 674 daAuts
     D:3: 594 daAuts
     D:1: 548 daAuts
     D:6: 360 daAuts

Table legend:
 A = Kills in this place as a percentage of kills in the entire game.
 B = Kills by you in this place as a percentage of kills by you in the entire game.
 C = Kills by friends in this place as a percentage of kills by friends in the entire game.
 D = Other kills in this place as a percentage of other kills in the entire game.
 E = Experience gained in this place as a percentage of experience gained in the entire game.
 F = Experience gained in this place divided by the number of levels of this place that you have seen.
                   A       B       C       D       E      F
               +-------+-------+-------+-------+-------+----------------------
         Total | 100.0 | 100.0 |   N/A |   N/A | 100.0 | 463.5
       Dungeon | 100.0 | 100.0 |   N/A |   N/A | 100.0 | 463.5
               +-------+-------+-------+-------+-------+----------------------

Skill      XL: |  1  2  3  4  5  6  7  8 |
---------------+-------------------------+-----
Staves         | 3 4 5 6 7 9 |  9.6
Spellcasting   | 1 |  1.8
Translocations | 2 |  2.3
Fighting       | |  1.5
Throwing       | |  2.0
Dodging        | |  4.0

Action                     |  1- 3 |  4- 6 |  7- 9 || total
---------------------------+-------+-------+-------++-------
  Melee: Quarterstaff      |   121 |    39 |    82 ||   242
   Fire: Shortbow          |     2 |    13 |       ||    15
         Arbalest          |       |    76 |    88 ||   164
  Throw: Boomerang         |    22 |       |       ||    22
         Dart              |       |     1 |     4 ||     5
         Throwing net      |       |     1 |       ||     1
Ability: Lunge             |       |     1 |       ||     1
         Wall Jump         |       |       |     1 ||     1
    Use: Potion            |     1 |     1 |     1 ||     3
         Scroll            |       |     5 |     5 ||    10
   Stab: Sleeping          |     1 |       |       ||     1
         Held in net/web   |       |     1 |       ||     1
 Armour: Robe              |    39 |    33 |    44 ||   116
         Skin              |       |       |    11 ||    11
  Dodge: Dodged            |   120 |    83 |    79 ||   282

Vanquished Creatures
  A steam dragon (D:4)
  2 water moccasins (D:5)
  A black bear (D:5)
  6 ogres
  An ice beast (D:5)
  A centaur (D:5)
  A weeping skull (D:5)
  A bullfrog (D:6)
  3 scorpions
  A jelly (D:4)
  A bombardier beetle (D:3)
  A hound (D:5)
  Terence (D:3)
  A sleepcap (D:4)
  3 iguanas
  4 orc wizards
  11 adders
  An ufetubus (D:6)
  4 ribbon worms
  3 dart slugs
  13 orcs
  4 endoplasms
  3 giant cockroaches
  5 goblins
  8 hobgoblins
  6 jackals (D:2)
  8 kobolds
  6 quokkas
  7 ball pythons
  2 bats
  4 frilled lizards
  A rat (D:1)
  A spectral orc (D:5)
116 creatures vanquished.
